 Dungeon Crawl Stone Soup version 0.31-a0-1597-ge7908ec95f (webtiles) character file.

Game seed: 2477378707033486720

1344 Colgate the Destroyer (level 8, -2/52 HPs)
             Began as a Demonspawn Fire Elementalist on Jan 7, 2024.
             Slain by an orc warrior
             ... wielding a +0 halberd
              (12 damage)
             ... on level 7 of the Dungeon.
             The game lasted 00:33:29 (7223 turns).

Colgate the Destroyer (DsFE)                        Turns: 7223, Time: 00:33:29

Health: -2/52      AC: 11    Str:  9    XL:     8   Next: 36%
Magic:  9/12       EV: 12    Int: 18    God:
Gold:   51         SH:  0    Dex: 13    Spells: 6/13 levels left

rFire   . . .        p - +2 long sword
rCold   . . .        (no shield)
rNeg    . . .        i - +2 robe {Will+}
rPois   .            r - +1 helmet
rElec   .            w - +0 cloak
rCorr   .            n - +0 pair of gloves
SInv    .            f - +0 pair of boots
Will    +....        e - amulet of magic regeneration
Stlth   ++           (no ring)
HPRegen 0.28/turn    (no ring)
MPRegen 0.53/turn

%: no passive effects
@: studying Axes
A: slimy green scales 1, ignite blood 2, demonic magic 1
a: no special abilities


You were on level 7 of the Dungeon.
You visited 2 branches of the dungeon, and saw 8 of its levels.

You collected 271 gold pieces.
You spent 220 gold pieces at shops.

Inventory:

Hand Weapons
 m - a +0 flail
 p - a +2 long sword (weapon)
Missiles
 B - 4 curare-tipped darts
Armour
 f - a +0 pair of boots (worn)
 i - a +2 robe of willpower (worn)
 j - a +0 kite shield
 n - a +0 pair of gloves (worn)
 r - a +1 helmet (worn)
 w - a +0 cloak (worn)
 z - a +2 leather armour of poison resistance
Jewellery
 e - an amulet of magic regeneration (around neck)
Wands
 k - a wand of mindburst (4)
 u - a wand of digging (1) {@v3}
 y - a wand of polymorph (8)
Scrolls
 b - a scroll of fear
 g - a scroll of enchant armour {unknown}
 q - a scroll of brand weapon {unknown}
 s - a scroll of noise {unknown}
 t - 3 scrolls of teleportation {@r3}
 v - a scroll of blinking {unknown}
 x - a scroll of acquirement {unknown}
 A - a scroll of vulnerability {unknown}
Potions
 a - 2 potions of curing {@q1}
 c - a potion of degeneration {unknown}
 d - 2 potions of brilliance
 h - 2 potions of haste {@q4}
 l - a potion of mutation
 o - a potion of might {@q3}


   Skills:
 - Level 1.7 Dodging
 - Level 1.7 Stealth
 + Level 3.0 Spellcasting
 - Level 8.0 Conjurations
 - Level 6.0 Fire Magic


You had 6 spell levels left.
You knew the following spells:

 Your Spells              Type           Power      Damage    Failure   Level
a - Foxfire               Conj/Fire      100%       2x1d9     1%          1
b - Scorch                Fire           48%        2d7       1%          2
c - Flame Wave            Conj/Fire      28%        2d9       9%          4

Your spell library contained the following spells:

 Spells                   Type           Power      Damage    Failure   Level
 Sting                    Conj/Alch      68%        1d7       3%          1
 Dazzling Flash           Conj/Hex       34%        N/A       10%         3
 Inner Flame              Hex/Fire       13%        N/A       14%         3
 Volatile Blastmotes      Fire/Tloc      26%        2d12      14%         3
 Necrotise                Necr           8%         1d4       16%         1
 Mephitic Cloud           Conj/Alch/Air  12%        N/A       16%         3
 Mercury Vapours          Alch/Air       4%         N/A       24%         2
 Vampiric Draining        Necr           2%         2d6       43%         3
 Anguish                  Hex/Necr       1%         N/A       85%         4
 Cause Fear               Hex            1%         N/A       85%         4
 Martyr's Knell           Necr/Summ      2%         N/A       85%         4
 Olgreb's Toxic Radiance  Alch           2%         N/A       85%         4
 Curse of Agony           Necr           2%         N/A       99%         5
 Silence                  Hex/Air        1%         N/A       99%         5
 Enfeeble                 Hex            1%         N/A       100%        7
 Malign Gateway           Summ/Tloc      1%         N/A       100%        7
 Summon Horrible Things   Summ           1%         N/A       100%        8


Dungeon Overview and Level Annotations

Branches:
Dungeon (7/15)             Temple (1/1) D:6

Altars:
Ashenzari
Cheibriados
Fedhas
Gozag
Hepliaklqana
Kikubaaqudgha
Makhleb
Nemelex Xobeh
Okawaru
Qazlal
Ru
Sif Muna
Uskayaw
Yredelemnul

Shops:
D:1 [   D:4 :

Annotations:
D:3 2 runed translucent doors, TheSeeker391's ghost, amateur HOFi
D:4 kaivuulla 6 kultaa
D:7 Maggie; Prince Ribbit


Innate Abilities, Weirdness & Mutations

You are partially covered in slimy green scales. (AC +2)
Your demonic aura often causes spilled blood to erupt in flames.
Spells you cast may paralyse adjacent enemies.


Message History

Casting: Foxfire (safe; 1% risk of failure)
You conjure some foxfire!
Malevolent energies surge around you.
The foxfire hits the orc warrior but does no damage. x2
Flames lash the orc warrior.
The orc warrior's fire resistance burns away.
Malevolent energies surge around you.
Flames lash the orc wizard.
The orc wizard's fire resistance burns away.
Malevolent energies surge around you.
The orc warrior hits you from afar with a +0 halberd.
Casting: Scorch (safe; 1% risk of failure)
You conjure some foxfire!
Malevolent energies surge around you. The orc warrior barely misses you.
The orc warrior is no longer more vulnerable to fire.
The foxfire hits the orc wizard but does no damage.
The foxfire hits the orc wizard.
The orc wizard is burned terribly!
Casting: Foxfire (safe; 1% risk of failure)
You conjure some foxfire!
Malevolent energies surge around you.
The orc warrior hits you from afar with a +0 halberd!
Your foxfire dissipates!
The orc wizard is no longer more vulnerable to fire.
The foxfire hits the orc wizard!
You kill the orc wizard!
The orc warrior attacks as it pursues you!
The orc warrior hits you but does no damage.
Your Conjurations skill increases to level 8!
The centaur unwields a +0 orcbow.
The centaur closely misses you.
The centaur kicks you but does no damage. 2 wights come into view.
A wight is wielding a +1 falchion of flaming.
The centaur zaps a wand.
The puff of flame hits you.
The centaur zaps a wand.
The puff of flame hits you!
The centaur zaps a wand.
The puff of flame hits you.
The orc warrior hits you with a +0 halberd!
* * * LOW HITPOINT WARNING * * *
You feel better. The centaur hits you. The centaur closely misses you.
The centaur zaps a wand.
The puff of flame hits you!
* * * LOW HITPOINT WARNING * * *
The orc warrior hits you with a +0 halberd!
You die...
P♣.♣ #......##### PP♣

#...?..()... P♣♣
#......####§ ♣♣
#........... #......##...
#..)........ ######
#####.#.........
##....####.#....o...#####
................@..##
##.............○○c##
#..................#
#......................
##.....................
#..............#...z..
##...........#........
#...†.......####.....
##...####...># ...z.


You could see an orc warrior, a centaur and a wight.

Vanquished Creatures
  A water moccasin (D:6)
  A sky beast (D:6)
  An ogre (D:5)
  2 phantoms (D:6)
  4 scorpions
  A wight (D:7)
  A hound (D:5)
  4 orc priests
  3 jellies
  2 iguanas
  3 sleepcaps
  2 orc wizards
  Robin (D:4)
  4 gnolls (D:6)
  2 adders
  A shadow imp (D:6)
  A white imp (D:6)
  2 ufetubi (D:6)
  A ribbon worm (D:4)
  2 dart slugs (D:4)
  17 orcs
  6 bats
  7 endoplasms
  4 giant cockroaches
  14 goblins
  9 hobgoblins
  4 jackals
  3 quokkas
  5 ball pythons
  4 frilled lizards
  8 kobolds
  6 rats
126 creatures vanquished.

Vanquished Creatures (others)
  424 foxfires
424 creatures vanquished.

Grand Total: 550 creatures vanquished

Notes
Turn   | Place    | Note
-------+----------+-------------------------------------------
     0 | D:1      | Colgate the Demonspawn Fire Elementalist began the quest
                  | for the Orb.
     0 | D:1      | Reached XP level 1. HP: 13/13 MP: 3/3
   369 | D:1      | Gained mutation: Your demonic aura sometimes causes spilled
                  | blood to erupt in flames. [demonic ancestry]
   369 | D:1      | Reached XP level 2. HP: 19/19 MP: 1/5
   567 | D:1      | Learned a level 2 spell: Scorch
   623 | D:1      | Found Liex's Antique Armour Shoppe.
  1209 | D:2      | Gained mutation: Spells you cast may paralyse adjacent
                  | enemies. [demonic ancestry]
  1209 | D:2      | Reached XP level 3. HP: 6/24 MP: 2/6
  1752 | D:1      | Bought a runed robe for 99 gold pieces
  2983 | D:3      | Found a large runed translucent door.
  2983 | D:3      | Found a large runed translucent door.
  2987 | D:3      | Noticed TheSeeker391's ghost (amateur HOFi)
  3058 | D:3      | Gained mutation: Your demonic aura often causes spilled
                  | blood to erupt in flames. [demonic ancestry]
  3058 | D:3      | Reached XP level 4. HP: 30/30 MP: 3/7
  3831 | D:4      | Noticed a scorpion
  3836 | D:4      | Killed a scorpion
  3837 | D:4      | Reached skill level 5 in Fire Magic
  3837 | D:4      | Reached XP level 5. HP: 35/35 MP: 1/8
  4074 | D:4      | Noticed Robin
  4127 | D:4      | Killed Robin
  4462 | D:4      | Found Vuciff's Book Boutique.
  4491 | D:4      | Found a broken altar of Ashenzari.
  4557 | D:4      | Found an opulent altar of Gozag.
  4604 | D:5      | Entered Level 5 of the Dungeon
  4841 | D:1      | Bought a cloak for 121 gold pieces
  5094 | D:5      | Reached XP level 6. HP: 41/41 MP: 2/10
  5237 | D:5      | You fall into a shaft and drop 1 floor!
  5286 | D:6      | Learned a level 4 spell: Flame Wave
  5311 | D:6      | Reached skill level 2 in Conjurations
  5330 | D:6      | Reached skill level 3 in Conjurations
  5388 | D:6      | Reached XP level 7. HP: 25/46 MP: 8/11
  5390 | D:6      | Reached skill level 4 in Conjurations
  5496 | D:6      | Found a staircase to the Ecumenical Temple.
  5537 | D:6      | Reached skill level 5 in Conjurations
  5688 | Temple   | Entered the Ecumenical Temple
  5733 | D:6      | Found an iron altar of Okawaru.
  5805 | D:6      | Reached skill level 6 in Conjurations
  5895 | D:6      | Found a stormy altar of Qazlal.
  6466 | D:6      | Gained mutation: You are partially covered in slimy green
                  | scales. (AC +2) [demonic ancestry]
  6466 | D:6      | Reached XP level 8. HP: 52/52 MP: 8/12
  6707 | D:6      | Reached skill level 7 in Conjurations
  7091 | D:7      | Noticed Prince Ribbit
  7091 | D:7      | Noticed Maggie
  7219 | D:7      | Reached skill level 8 in Conjurations
  7223 | D:7      | Slain by an orc warrior

Illustrated notes

Levels and vault maps discovered:
D:1:      dpeg_arrival_ternary, layout_loops_ring, serial_shops, shop,
          roderic_roman_lattice
D:2:      layout_loops_ring, kennysheep_flooded_box
D:3:      layout_loops_corners, ebering_ghost_disaster_area
D:4:      layout_cave_pools, kennysheep_mini,
          pdpol_temple_overflow_zin_treasury_gozag_greed, serial_glass,
          glass_columns_a, glass_columns_c, serial_shops,
          nicolae_shop_real_fake_doors, uniq_robin
D:5:      layout_basic
D:6:      layout_basic, mainiacjoe_overflow_brackets,
          mainiacjoe_overflow_catwalk, overflow_temple_1_default,
          minmay_temple_entry_glass
D:7:      layout_rooms, nicolae_figureground_pulse, uniq_crazy_yiuf_cottage,
          uniq_prince_ribbit1, uniq_maggie
Temple:   hellmonk_temple_of_storms

Skill      XL: |  1  2  3  4  5  6  7  8 |
---------------+-------------------------+-----
Fire Magic     | 3 4 5 6 |  6.0
Spellcasting   | 3 |  3.0
Conjurations   | 3 6 8 |  8.0
Dodging        | |  1.7
Stealth        | |  1.7

Action                     |  1- 3 |  4- 6 |  7- 9 || total
---------------------------+-------+-------+-------++-------
  Melee: Unarmed           |     4 |       |       ||     4
         Whip              |       |     3 |       ||     3
         Long sword        |       |     2 |       ||     2
   Cast: Foxfire           |    71 |   106 |    70 ||   247
         Scorch            |    24 |    26 |    25 ||    75
         Flame Wave        |       |       |     4 ||     4
    Use: Potion            |     3 |       |     1 ||     4
         Scroll            |       |     4 |     4 ||     8
   Stab: Sleeping          |     1 |       |       ||     1
         Paralysed         |       |     3 |       ||     3
 Armour: Robe              |     9 |    13 |    20 ||    42
  Dodge: Dodged            |     7 |     9 |    10 ||    26

Table legend: (Time is in decaauts)
 A = Elapsed time spent in this place.
 B = Non-inter-level travel time spent in this place.
 C = Inter-level travel time spent in this place.
 D = Time resting spent in this place.
 E = Time spent auto-exploring this place.
 F = Levels seen in this place.
 G = Mean time per level.
                   A        B        C        D        E       F      G
               +--------+--------+--------+--------+--------+-----+--------+
         Total |   7232 |   6388 |    844 |    218 |   4752 |   8 |  904.0 |
       Dungeon |   7226 |   6384 |    842 |    218 |   4752 |   7 | 1032.3 |
        Temple |      5 |      4 |      1 |      0 |      0 |   1 |    5.0 |
               +--------+--------+--------+--------+--------+-----+--------+

Top non-repeatable levels by time:
     D:3: 1524 daAuts
     D:1: 1325 daAuts
     D:6: 1319 daAuts
     D:4: 1014 daAuts
     D:2: 963 daAuts
     D:5: 905 daAuts
     D:7: 174 daAuts
  Temple: 5 daAuts
